 Dungeon Crawl Stone Soup version 0.26-a0-682-g294304f6e8 (webtiles) character file.

Game seed: 7512089664340216049

954 Conn the Thaumaturge (level 7, -8/37 HPs)
             Began as a Deep Elf Hedge Wizard on Oct 20, 2020.
             Was an Initiate of Sif Muna.
             Killed by divine providence
             ... invoked by an orc priest
              (15 damage)
             ... on level 7 of the Dungeon.
             The game lasted 00:22:47 (7074 turns).

Conn the Thaumaturge (Deep Elf Hedge Wizard)        Turns: 7074, Time: 00:22:52

Health: -8/37      AC:  6    Str:  5 (7)  XL:     7   Next: 91%
Magic:  17/20      EV: 16    Int: 21 (24) God:    Sif Muna [......]
Gold:   208        SH:  0    Dex: 13 (14) Spells: 10/22 levels left

rFire    . . .     SeeInvis .   a - +2 dagger (protect)
rCold    . . .     Faith    .   (no shield)
rNeg     . . .     Spirit   .   b - +0 robe
rPois    .         Reflect  .   F - +2 helmet {Int+3}
rElec    .         Harm     .   r - +0 cloak
rCorr    .         Rampage  .   (no gloves)
MR       .....                  (no boots)
Stlth    ++........             (no amulet)
HPRegen  0.12/turn              u - +4 ring of evasion
MPRegen  0.17/turn              y - +4 ring of slaying

@: about to teleport, marked, heavily drained
A: no striking features
a: Renounce Religion


You were on level 7 of the Dungeon.
You worshipped Sif Muna.
Sif Muna was noncommittal.
You visited 2 branches of the dungeon, and saw 9 of its levels.

You collected 208 gold pieces.

Inventory:

Hand Weapons
 a - a +2 dagger of protection (weapon)
 k - a +2 vampiric dagger
 B - a +0 war axe of freezing
 D - the +5 hand axe of Mahugr Tesog {flame, *Drain rF++ Int+4 Stlth-}
   (You found it on level 5 of the Dungeon)

   It has been specially enchanted to burn those struck by it, causing extra
   injury to most foes and up to half again as much damage against particularly
   susceptible opponents.
   Big, fiery blades are also staple armaments of hydra-hunters.
   It affects your intelligence (+4).
   It greatly protects you from fire.
   It causes draining when unequipped.
   It makes you less stealthy.
 E - a +0 longbow
 I - a +0 dagger
Missiles
 i - 11 javelins (quivered)
 j - 52 poisoned darts
 t - 20 sling bullets
Armour
 b - a +0 robe (worn)
 c - a +0 hat
 n - a +0 helmet
 r - a +0 cloak (worn)
 F - a +2 helmet of intelligence (worn)
 J - +0 acid dragon scales
Jewellery
 u - a +4 ring of evasion (left hand)
 x - an uncursed ring of fire {unknown}
 y - a +4 ring of slaying (right hand)
Wands
 C - a wand of disintegration (10)
Scrolls
 e - 8 scrolls of identify
 g - a scroll of teleportation
 m - 2 scrolls of amnesia
 o - a scroll of immolation
Potions
 q - a potion of stabbing


   Skills:
 + Level 0.4(0.0) Fighting
 + Level 2.0(0.6) Short Blades
 + Level 0.6(0.0) Axes
 + Level 3.7(2.3) Dodging
 + Level 3.3(1.9) Stealth
 * Level 8.0(6.4) Spellcasting
 * Level 3.8(2.3) Conjurations
 + Level 1.2(0.0) Summonings
 + Level 2.2(0.8) Translocations
 * Level 3.3(1.8) Fire Magic
 * Level 2.7(1.3) Air Magic
 + Level 0.9(0.0) Poison Magic
 + Level 0.2(0.0) Evocations


You had 10 spell levels left.
You knew the following spells:

 Your Spells              Type           Power        Failure   Level
a - Magic Dart            Conj           ###.         3%          1
b - Blink                 Tloc           N/A          10%         2
c - Call Imp              Summ           #.......     14%         2
d - Conjure Flame         Conj/Fire      ###.....     12%         3
e - Mephitic Cloud        Conj/Pois/Air  ##......     17%         3
f - Apportation           Tloc           ##....       7%          1

Your spell library contained the following spells:

 Spells                   Type           Power        Failure   Level
 Animate Skeleton         Necr           #.....       10%         1
 Corona                   Hex            #......      10%         1
 Summon Small Mammal      Summ           #...         10%         1
 Slow                     Hex            #.......     14%         2


Dungeon Overview and Level Annotations

Branches:
Dungeon (8/15)             Temple (1/1) D:4
   Lair: D:8-11

Altars:
Cheibriados
Elyvilon
Fedhas
Kikubaaqudgha
Makhleb
Nemelex Xobeh
Okawaru
Qazlal
Sif Muna
Uskayaw
Xom
Yredelemnul
Zin
The Shining One

Annotations:
D:7 Joseph, Menkaure
D:8 Erica, Harold, Prince Ribbit


Message History

An orc priest comes into view.
The orc wizard gestures wildly while chanting.
The orc wizard seems to speed up.
Menkaure moves out of view.
An orc priest comes into view. It is wielding a +0 falchion.
A black bear comes into view.
The orc wizard closely misses you.
Okay, then.
As you read the scroll of teleportation, it crumbles to dust.
You feel strangely unstable.
The orc priest miscasts a cantrip.
The orc wizard hits you with a +0 dagger.
* * * LOW HITPOINT WARNING * * *
Okay, then.
A sky beast comes into view.
The orc priest miscasts a cantrip.
The sky beast flickers out of sight!
Deactivating autopickup; reactivate with Ctrl-A.
The orc priest invokes the aid of Beogh against you.
Beogh smites you!
You die...

########
.#.....@#######
........o).....#
.#.#.#.#.#.#.#..#
#....M.?......
#.#.#...#.#.#..
...h..o#.......
.{.#.#.#...#.#..
.{...o..........
.#..# ..##o #.##


You could see a black bear, Menkaure, 2 orc priests and an orc wizard (fast).

Vanquished Creatures
  Duvessa (D:6)
  An ogre (D:5)
  4 bullfrogs
  Dowan (D:6)
  A scorpion (D:5)
  2 hounds
  A centaur skeleton (D:5)
  2 iguanas
  5 worker ants
  6 adders
  A white imp (D:6)
  An ooze (D:1)
  An adder skeleton (D:4)
  5 dart slugs
  3 leopard geckos
  4 orcs
  5 giant cockroaches
  4 goblins
  5 hobgoblins
  12 jackals
  9 kobolds
  2 quokkas
  A ball python (D:4)
  7 bats
  8 frilled lizards
  A jackal skeleton (D:5)
  3 rats
96 creatures vanquished.

Vanquished Creatures (collateral kills)
  A worker ant (D:5)
  An adder (D:2)
  A worm (D:2)
  A goblin (D:2)
4 creatures vanquished.

Grand Total: 100 creatures vanquished

Notes
Turn   | Place    | Note
-------+----------+-------------------------------------------
     0 | D:1      | Conn the Deep Elf Hedge Wizard began the quest for the Orb.
     0 | D:1      | Reached XP level 1. HP: 10/10 MP: 7/7
   349 | D:1      | Reached skill level 5 in Spellcasting
   349 | D:1      | Reached XP level 2. HP: 15/15 MP: 5/10
   581 | D:1      | Learned a level 2 spell: Blink
   584 | D:1      | Learned a level 2 spell: Call Imp
   929 | D:2      | Found a stormy altar of Qazlal.
   931 | D:2      | Reached XP level 3. HP: 19/19 MP: 3/12
   941 | D:2      | Learned a level 3 spell: Conjure Flame
   945 | D:2      | Learned a level 3 spell: Mephitic Cloud
  1984 | D:2      | Found a hide-covered altar of Uskayaw.
  1987 | D:2      | Found an iron altar of Okawaru.
  1994 | D:2      | Found a basalt altar of Yredelemnul.
  2077 | D:1      | Reached XP level 4. HP: 23/24 MP: 1/13
  2888 | D:3      | Reached skill level 6 in Spellcasting
  3101 | D:3      | Learned a level 1 spell: Apportation
  3159 | D:4      | Reached skill level 1 in Fire Magic
  3352 | D:4      | Reached XP level 5. HP: 28/28 MP: 10/15
  3439 | D:4      | Found a sparkling altar of Nemelex Xobeh.
  3565 | D:4      | Found a staircase to the Ecumenical Temple.
  3580 | Temple   | Entered the Ecumenical Temple
  3600 | Temple   | Became a worshipper of Sif Muna the Loreminder
  3661 | D:4      | Found a snail-covered altar of Cheibriados.
  3883 | D:4      | Reached skill level 1 in Air Magic
  4064 | D:5      | Entered Level 5 of the Dungeon
  4087 | D:5      | Reached skill level 1 in Short Blades
  4287 | D:5      | Noticed an ogre
  4305 | D:5      | Killed an ogre
  4305 | D:5      | Reached XP level 6. HP: 17/32 MP: 0/17
  4638 | D:5      | Found an ancient bone altar of Kikubaaqudgha.
  5034 | D:5      | Reached skill level 7 in Spellcasting
  5389 | D:5      | Got an iridescent hand axe
  5390 | D:5      | Identified the +5 hand axe of Mahugr Tesog {flame, *Drain
                  | rF++ Int+4 Stlth-} (You found it on level 5 of the Dungeon)
  5401 | D:5      | Found a burning altar of Makhleb.
  5401 | D:5      | Found a white marble altar of Elyvilon.
  5425 | D:5      | Found a blossoming altar of Fedhas.
  5488 | D:5      | Reached XP level 7. HP: 19/36 MP: 20/20
  5881 | D:6      | Noticed Dowan
  5882 | D:6      | Noticed Duvessa
  6177 | D:6      | Killed Dowan
  6186 | D:6      | Killed Duvessa
  6556 | D:6      | Reached skill level 8 in Spellcasting
  6713 | D:7      | HP: 1/37 [orc priest/divine providence (17)]
  6730 | D:8      | Noticed Prince Ribbit
  7027 | D:8      | Noticed Harold
  7032 | D:8      | Noticed Erica
  7032 | D:8      | Found an iron altar of Okawaru.
  7060 | D:7      | Noticed Joseph
  7060 | D:7      | Noticed a steam dragon
  7070 | D:7      | Noticed Menkaure
  7074 | D:7      | Killed from afar by an orc priest

Illustrated notes

Levels and vault maps discovered:
D:1:      psy_arrival_radial02, layout_basic
D:2:      layout_rooms, grunt_temple_overflow_diamond, grunt_qazlal_sundering
D:3:      layout_rooms
D:4:      layout_loops_ring, kennysheep_slug_shrine,
          nemelex_xobeh_ov_fountains_minmay,
          minmay_temple_entry_drinking_statues
D:5:      layout_basic, nicolae_overflow_crystal_walls, kennysheep_little_box,
          gammafunk_temple_overflow_wave
D:6:      layout_basic, uniq_duvessa
D:7:      layout_loops_cross, nicolae_ossuary_entry_ruins,
          hangedman_decor_riveting, minmay_ruffians, uniq_joseph, uniq_menkaure
D:8:      layout_cave_pools, enter_bailey_3, okawaru_metal_pillars_1_2,
          uniq_pikel, uniq_erica, uniq_prince_ribbit1, uniq_harold, uniq_maggie
Temple:   jpeg_temple_clearing

Skill      XL: |  1  2  3  4  5  6  7 |
---------------+----------------------+-----
Spellcasting   | 5 6 7 8 |  8.0
Conjurations   | 2 3 |  3.8
Fire Magic     | 1 2 3 |  3.3
Air Magic      | 1 2 |  2.7
Short Blades   | 1 2 |  2.0
Dodging        | 3 |  3.7
Stealth        | 3 |  3.3
Translocations | 2 |  2.2
Fighting       | |  0.4
Axes           | |  0.6
Summonings     | |  1.2
Poison Magic   | |  0.9
Evocations     | |  0.2

Action                   |  1- 3 |  4- 6 |  7- 9 || total
-------------------------+-------+-------+-------++-------
Melee: Dagger            |    76 |    81 |    38 ||   195
       Hand axe          |       |     7 |    16 ||    23
Throw: Javelin           |     2 |     1 |       ||     3
 Cast: Magic Dart        |   110 |    76 |    15 ||   201
       Call Imp          |     2 |     5 |     1 ||     8
       Blink             |       |     3 |     3 ||     6
       Mephitic Cloud    |       |     3 |     3 ||     6
       Conjure Flame     |       |     1 |       ||     1
Evoke: Wand              |       |       |     1 ||     1
  Use: Potion            |       |     1 |    12 ||    13
       Scroll            |       |       |    15 ||    15
 Stab: Sleeping          |     2 |     5 |     1 ||     8
       Confused          |       |     2 |       ||     2
Armor: Robe              |    30 |    17 |    17 ||    64
Dodge: Dodged            |   112 |    83 |    56 ||   251

Table legend: (Time is in decaauts)
 A = Elapsed time spent in this place.
 B = Non-inter-level travel time spent in this place.
 C = Inter-level travel time spent in this place.
 D = Time resting spent in this place.
 E = Time spent auto-exploring this place.
 F = Levels seen in this place.
 G = Mean time per level.
                   A        B        C        D        E       F      G
               +--------+--------+--------+--------+--------+-----+--------+
         Total |   7079 |   6869 |    210 |   1469 |   3817 |   9 |  786.6 |
       Dungeon |   7043 |   6848 |    195 |   1469 |   3810 |   8 |  880.4 |
        Temple |     35 |     20 |     15 |      0 |      7 |   1 |   35.0 |
               +--------+--------+--------+--------+--------+-----+--------+

Top non-repeatable levels by time:
     D:5: 1785 daAuts
     D:2: 1309 daAuts
     D:1: 1274 daAuts
     D:4: 902 daAuts
     D:6: 865 daAuts
     D:3: 541 daAuts
     D:8: 334 daAuts
  Temple: 35 daAuts
     D:7: 30 daAuts
